 Dungeon Crawl Stone Soup version 0.30.0-29-ga12c61a403 (webtiles) character file.

Game seed: 4943588468397709357

1081 Chilbo the Jinx (level 8, 0/37 HPs)
             Began as a Spriggan Enchanter on June 11, 2023.
             Slain by a yak (17 damage)
             ... on level 5 of the Dungeon.
             The game lasted 00:30:38 (4262 turns).

Chilbo the Jinx (Spriggan Enchanter)                Turns: 4262, Time: 00:30:38

Health: 0/37       AC:  2    Str:  4    XL:     8   Next: 8%
Magic:  3/13       EV: 17    Int: 18    God:
Gold:   314        SH:  0    Dex: 16    Spells: 4/12 levels left

rFire   . . .        a - +2 dagger (venom)
rCold   . . .        (no shield)
rNeg    . . .        l - +0 robe
rPois   +            (helmet restricted)
rElec   .            (no cloak)
rCorr   .            (gloves unavailable)
SInv    +            (boots unavailable)
Will    +....        (no amulet)
Stlth   ++++         w - ring of poison resistance
HPRegen 0.26/turn    (no ring)
MPRegen 0.13/turn

%: no passive effects
@: very quick
A: very small, no large weapons, unfitting armour, see invisible, speed 3
a: no special abilities


You were on level 5 of the Dungeon.
You visited 1 branch of the dungeon, and saw 5 of its levels.

You collected 314 gold pieces.

Inventory:

Hand Weapons
 a - a +2 dagger of venom (weapon)
 b - a +1 sling of freezing
 f - a +2 war axe of flaming
Missiles
 m - 45 stones (quivered)
Armour
 l - a +0 robe (worn)
Jewellery
 t - an amulet of faith
 w - a ring of poison resistance (left hand)
Scrolls
 g - 3 scrolls of magic mapping {unknown}
 h - 2 scrolls of teleportation {unknown}
 i - 3 scrolls of identify
 k - a scroll of fog {unknown}
 q - a scroll of enchant weapon {unknown}
 r - a scroll of immolation {unknown}
 s - a scroll of acquirement {unknown}
 u - a scroll of noise {unknown}
Potions
 c - 3 potions of invisibility
 d - 2 potions of curing
 e - 2 potions of magic
 j - a potion of lignification {unknown}
 n - 4 potions of heal wounds {unknown}
 o - a potion of attraction
 p - a potion of berserk rage
 v - 2 potions of flight {unknown}


   Skills:
 * Level 1.1 Fighting
 - Level 1.1 Short Blades
 - Level 2.6 Dodging
 + Level 9.2 Stealth
 - Level 2.6 Spellcasting
 * Level 10.0 Hexes


You had 4 spell levels left.
You knew the following spells:

 Your Spells              Type           Power      Damage    Failure   Level
a - Ensorcelled Hibernat  Hex/Ice        40%        N/A       3%          2
b - Confusing Touch       Hex            38%        N/A       1%          3
c - Tukima's Dance        Hex            38%        N/A       1%          3

Your spell library contained the following spells:

 Spells                   Type           Power      Damage    Failure   Level
 Dazzling Flash           Conj/Hex       40%        N/A       6%          3
 Portal Projectile        Hex/Tloc       40%        N/A       6%          3
 Blade Hands              Tmut           1%         N/A       99%         5


Dungeon Overview and Level Annotations

Branches:
Dungeon (5/15)
 Temple: D:4-7

Altars:
Fedhas
Sif Muna
Wu Jian
Yredelemnul

Annotations:
D:4 Menkaure


Innate Abilities, Weirdness & Mutations

You are very small and have problems with some larger weapons.
You are too small for most types of armour.
You have supernaturally acute eyesight. (SInv)
You cover ground extremely quickly. (Speed+++)


Message History

The yak is almost dead.
The yak barely misses you.
Casting: Confusing Touch (safe; 1% risk of failure)
Confirm with . or Enter, or press ? or * to list all spells.
Your hands begin to glow brighter.
You hit the yak but do no damage.
The yak appears confused.
The yak is severely wounded.
The yak misses you. The yak closely misses you.
There is a stone staircase leading up, spattered with blood here.
Casting: Confusing Touch (safe; 1% risk of failure)
Confirm with . or Enter, or press ? or * to list all spells.
Aiming: Ensorcelled Hibernation (safe; 3% risk of failure)
Press: ? - help, Shift-Dir - straight line, f - yak, p - yak
Aim: a yak (chance to affect: 52%)
The yak looks drowsy...
The yak gores the yak!!
The yak bellows!
You hear a bellow!
Unknown command.
The yak misses you.
You climb upwards.
Level annotation: Menkaure
There is a stone staircase leading down, spattered with blood here.
You hit the yak.
The yak is poisoned.
The yak is severely wounded.
The yak gores you!
You hit the yak but do no damage.
The yak looks as sick as possible!
The yak is severely wounded.
The yak closely misses you.
You hit the yak but do no damage.
The yak looks as sick as possible!
The yak is almost dead.
The yak gores you but does no damage.
You hit the yak.
The yak looks as sick as possible!
The yak is almost dead.
The yak gores you!
You kill the yak!
Your Fighting skill increases to level 1!
Your Hexes skill increases to level 10!
You have reached level 8!
There is a stone staircase leading down, spattered with blood here.
You climb downwards.
The yak gores you!
You die...

##....# #....##
#....###
##.....######
##....#..#...#
##....##..†...##..
#....#####........
###..#.#Y.........
###...@...#......
#......##........
#....#####.....###
##................
#...<............
###..............
##.............
#Y.Y..........
####..#.#.......#


You could see a yak (confused).

Vanquished Creatures
  2 yaks (D:4)
  A water moccasin (D:4)
  An ice beast (D:5)
  3 scorpions
  2 jellies (D:4)
  2 howler monkeys
  An iguana (D:4)
  10 gnolls
  5 adders
  A worm (D:3)
  5 dart slugs
  5 orcs (D:4)
  3 ball pythons
  7 bats
  3 endoplasms
  4 giant cockroaches
  5 goblins
  5 hobgoblins
  2 jackals (D:1)
  4 quokkas
  A frilled lizard (D:1)
  4 kobolds
  6 rats
82 creatures vanquished.

Notes
Turn   | Place    | Note
-------+----------+-------------------------------------------
     0 | D:1      | Chilbo the Spriggan Enchanter began the quest for the Orb.
     0 | D:1      | Reached XP level 1. HP: 9/9 MP: 5/5
   248 | D:1      | Reached skill level 4 in Hexes
   385 | D:1      | Reached XP level 2. HP: 13/13 MP: 6/6
   519 | D:1      | Learned a level 2 spell: Ensorcelled Hibernation
   720 | D:1      | Reached skill level 5 in Hexes
   749 | D:1      | Reached XP level 3. HP: 16/16 MP: 8/8
   996 | D:2      | Learned a level 3 spell: Confusing Touch
  1123 | D:2      | Reached skill level 5 in Stealth
  1280 | D:2      | Reached XP level 4. HP: 9/21 MP: 9/9
  1766 | D:3      | Found a basalt altar of Yredelemnul.
  1861 | D:3      | Found an ornate altar of the Wu Jian Council.
  2178 | D:4      | Noticed Menkaure
  2273 | D:3      | Reached skill level 6 in Hexes
  2329 | D:4      | Found a shimmering blue altar of Sif Muna.
  2565 | D:4      | Reached XP level 5. HP: 12/24 MP: 2/10
  3071 | D:4      | Reached skill level 7 in Hexes
  3083 | D:4      | Learned a level 3 spell: Tukima's Dance
  3125 | D:4      | Reached XP level 6. HP: 28/28 MP: 11/11
  3158 | D:5      | Entered Level 5 of the Dungeon
  3172 | D:5      | Noticed an ice beast
  3177 | D:5      | Found a blossoming altar of Fedhas.
  3213 | D:5      | Noticed a water moccasin
  3395 | D:4      | Reached skill level 8 in Hexes
  3571 | D:5      | Noticed an ice beast
  3592 | D:5      | Noticed a yak
  3592 | D:5      | Noticed a yak
  3592 | D:5      | Noticed a yak
  3601 | D:5      | Killed an ice beast
  3602 | D:5      | Reached XP level 7. HP: 10/32 MP: 9/12
  3891 | D:4      | Reached skill level 9 in Hexes
  4145 | D:4      | Killed a yak
  4216 | D:5      | Noticed a yak
  4216 | D:5      | Noticed a yak
  4216 | D:5      | Noticed a yak
  4259 | D:4      | Killed a yak
  4260 | D:4      | Reached skill level 1 in Fighting
  4260 | D:4      | Reached skill level 10 in Hexes
  4260 | D:4      | Reached XP level 8. HP: 16/37 MP: 2/13
  4262 | D:5      | Slain by a yak

Illustrated notes

Levels and vault maps discovered:
D:1:      grunt_arrival_lava_bath, layout_basic
D:2:      layout_basic
D:3:      layout_basic, nicolae_overflow_crystal_walls,
          nicolae_wu_jian_immortal_techniques, minivault_5, minivault_19
D:4:      kennysheep_big_flooded_room, layout_gridville, lemuel_blue_sif_altar,
          minmay_misc_feat_x, uniq_menkaure
D:5:      minmay_spotlight, layout_cave_pools, fedhas_ov_isle_minmay,
          temple_statues

Skill      XL: |  1  2  3  4  5  6  7 |
---------------+----------------------+-----
Hexes          | 4 5 6 7 8 10 | 10.0
Stealth        | 5 6 7 9 |  9.2
Fighting       | 1 |  1.1
Short Blades   | |  1.1
Dodging        | |  2.6
Spellcasting   | |  2.6

Action                     |  1- 3 |  4- 6 |  7- 9 || total
---------------------------+-------+-------+-------++-------
  Melee: Dagger            |    98 |   113 |    30 ||   241
         Punch             |     1 |       |       ||     1
   Fire: Sling             |       |     6 |       ||     6
   Cast: Ensorcelled Hiber |     1 |    12 |    12 ||    25
         Confusing Touch   |       |     1 |     3 ||     4
    Use: Scroll            |     1 |     2 |       ||     3
         Potion            |     1 |       |     1 ||     2
   Stab: Sleeping          |    10 |    15 |     6 ||    31
         Confused          |       |     1 |     2 ||     3
 Armour: Robe              |     5 |     6 |     3 ||    14
  Dodge: Dodged            |    63 |    63 |    33 ||   159
